 Dungeon Crawl Stone Soup version 0.31.0-12-g77e489cdc1 (webtiles) character file.

Game seed: 16054198808645406248

157 hawla the Conjurer (level 5, 0/29 HPs)
             Began as a Deep Elf Conjurer on Feb 11, 2024.
             Slain by Ijyb
             ... wielding a +0 club
              (5 damage)
             ... on level 3 of the Dungeon.
             The game lasted 00:05:56 (2253 turns).

hawla the Conjurer (Deep Elf Conjurer)              Turns: 2253, Time: 00:05:56

Health: 0/29       AC:  3    Str:  3    XL:     5   Next: 15%
Magic:  12/12      EV: 14    Int: 24    God:
Gold:   89         SH:  0    Dex: 17    Spells: 7/10 levels left

rFire   + . .        (no weapon)
rCold   + . .        (no shield)
rNeg    . . .        a - +1 robe
rPois   +            (no helmet)
rElec   +            (no cloak)
rCorr   +            (no gloves)
SInv    .            (no boots)
Will    .....        (no amulet)
Stlth   +            (no ring)
HPRegen 0.24/turn    (no ring)
MPRegen 0.13/turn

%: no passive effects
@: confused, resistant
A: agile 1, high MP 1, sense surroundings 1, inability to read after injury 1
a: no special abilities


You were on level 3 of the Dungeon.
You visited 1 branch of the dungeon, and saw 3 of its levels.

You collected 89 gold pieces.

Inventory:

Armour
 a - a +1 robe (worn)
Wands
 f - a wand of flame (24)
Scrolls
 d - a scroll of noise {unknown}
 g - a scroll of enchant armour
Potions
 b - a potion of magic
 c - a potion of berserk rage


   Skills:
 - Level 1.0 Fighting
 + Level 4.7 Dodging
 - Level 2.4 Stealth
 - Level 3.0 Spellcasting
 + Level 5.8 Conjurations


You had 7 spell levels left.
You knew the following spells:

 Your Spells              Type           Power      Damage    Failure   Level
a - Magic Dart            Conj           100%       1d8       1%          1
b - Searing Ray           Conj           62%        2d6       1%          2

Your spell library contained the following spells:

 Spells                   Type           Power      Damage    Failure   Level
 Stone Arrow              Conj/Erth      34%        3d9       10%         3
 Sandblast                Erth           6%         2d5       11%         1
 Sublimation of Blood     Necr           3%         N/A       16%         2
 Passwall                 Erth           3%         N/A       32%         3
 Volatile Blastmotes      Fire/Tloc      6%         2d10      32%         3
 Brom's Barrelling Bould  Conj/Erth      17%        2d4       32%         4
 Fulminant Prism          Conj/Alch      8%         3d7       32%         4
 Iskenderun's Mystic Bla  Conj/Tloc      17%        2d5       32%         4
 Irradiate                Conj/Alch      8%         3d14      67%         5
 Petrify                  Alch/Erth      3%         N/A       71%         4


Dungeon Overview and Level Annotations

Branches:
Dungeon (3/15)

Altars:
Nemelex Xobeh
Sif Muna
Yredelemnul

Portals:
Abyss: D:3

Annotations:
D:3 Ijyb


Innate Abilities, Weirdness & Mutations

You are agile. (Dex +4, Str/Int -1)
You have an increased reservoir of magic. (+10% MP)
You passively map a small area around you.
You occasionally lose the ability to read scrolls when taking damage.


Message History

Ijyb is moderately wounded.
Ijyb hits you with a +0 club.
You barely miss Ijyb.
Ijyb is moderately wounded.
Ijyb zaps a wand.
You resist with some effort.
You hit Ijyb but do no damage.
Ijyb is moderately wounded.
Ijyb hits you with a +0 club.
Ijyb screams, "Die!"
You closely miss Ijyb.
Ijyb is lightly wounded.
Ijyb closely misses you.
You hit Ijyb but do no damage.
Ijyb is lightly wounded.
Ijyb screams, "Level is mine!
All mine!"
Ijyb zaps a wand.
Your will is overpowered!
You are more confused.
Unknown command.
You are too confused!
You bump into the stone wall.
Ijyb hits you with a +0 club.
* * * LOW HITPOINT WARNING * * *
You're too confused to move!
Ijyb hits you with a +0 club.
* * * LOW HITPOINT WARNING * * *
You hit Ijyb but do no damage.
Ijyb is lightly wounded.
Ijyb misses you.
You bump into the stone wall.
Ijyb hits you with a +0 club.
* * * LOW HITPOINT WARNING * * *
Ijyb zaps a wand.
You resist with some effort.
Ijyb zaps a wand.
You resist with some effort.
You see here an adder corpse.
Ijyb hits you with a +0 club.
* * * LOW HITPOINT WARNING * * *
Ijyb zaps a wand.
You resist with some effort.
You see here an adder corpse.
Ijyb barely misses you.
You bump into the rock wall.
You're too confused to move!
Ijyb barely misses you.
You bump into the rock wall.
Ijyb hits you with a +0 club.
You die...

* ###..# *, ,*#..... * *
###..# ########*#.... ,*
#...##..###..#
#...##.##_.... #..
#...##.####..# ,*
#...#######...##.##_....
#..>...@g.†.......##8..8
*
#.......................
#...####...#####.#######
### ##### #.# # *


*#KKK #.####### * #..∩..* #.##..... ,##§..## #.##..... < ##.## #.##..... , #§§
#.##..... You could see Ijyb and 2 kobolds.

Vanquished Creatures
  Natasha (thrice) (D:2)
  Terence (D:2)
  An adder (D:3)
  2 ribbon worms (D:2)
  5 endoplasms
  A giant cockroach (D:2)
  5 goblins
  4 hobgoblins
  6 jackals
  5 kobolds (D:2)
  2 quokkas
  4 ball pythons
  2 bats (D:1)
  7 frilled lizards
  2 rats (D:1)
50 creatures vanquished.

Notes
Turn   | Place    | Note
-------+----------+-------------------------------------------
     0 | D:1      | hawla the Deep Elf Conjurer began the quest for the Orb.
     0 | D:1      | Reached XP level 1. HP: 10/10 MP: 6/6
   196 | D:1      | Reached skill level 1 in Fighting
   257 | D:1      | Reached XP level 2. HP: 16/16 MP: 4/8
   337 | D:1      | Learned a level 2 spell: Searing Ray
   455 | D:1      | Found Wagolaer's General Store.
   964 | D:2      | Gained mutation: You occasionally lose the ability to read
                  | scrolls when taking damage. [potion of mutation]
   964 | D:2      | Gained mutation: You are agile. (Dex +4, Str/Int -1)
                  | [potion of mutation]
   964 | D:2      | Gained mutation: You passively map a small area around you.
                  | [potion of mutation]
   964 | D:2      | Gained mutation: You have an increased reservoir of magic.
                  | (+10% MP) [potion of mutation]
  1090 | D:2      | Noticed Natasha
  1094 | D:2      | Killed Natasha
  1095 | D:2      | Reached skill level 5 in Conjurations
  1095 | D:2      | Reached XP level 3. HP: 20/20 MP: 5/10
  1481 | D:2      | Noticed Terence
  1491 | D:2      | Killed Terence
  1492 | D:2      | Reached XP level 4. HP: 7/25 MP: 7/11
  1596 | D:2      | Noticed Natasha
  1604 | D:2      | Killed Natasha
  1916 | D:2      | Noticed Natasha
  1921 | D:2      | Killed Natasha
  1922 | D:2      | Reached XP level 5. HP: 20/29 MP: 4/12
  2130 | D:3      | Found a basalt altar of Yredelemnul.
  2131 | D:3      | Found a sparkling altar of Nemelex Xobeh.
  2143 | D:3      | Found a shimmering blue altar of Sif Muna.
  2193 | D:3      | Found a one-way gate to the infinite horrors of the Abyss.
  2194 | D:3      | Noticed Ijyb
  2253 | D:3      | Slain by Ijyb

Illustrated notes

Levels and vault maps discovered:
D:1:      dpeg_arrival_tiny_k, layout_basic, serial_shops, shop
D:2:      layout_basic, minmay_misc_feat_square, st_stairs_4,
          minmay_misc_feat_encased, uniq_natasha, uniq_terence
D:3:      due_chaos_kobolds, layout_basic, minitemple, fedhas_altar_3, uniq_ijyb

Skill      XL: |  1  2  3 |
---------------+----------+-----
Fighting       | 1 |  1.0
Dodging        | 3 4 |  4.7
Conjurations   | 5 |  5.8
Stealth        | |  2.4
Spellcasting   | |  3.0

Action                     |  1- 3 |  4- 6 || total
---------------------------+-------+-------++-------
  Melee: Unarmed           |       |    14 ||    14
   Cast: Magic Dart        |    47 |    11 ||    58
         Searing Ray       |    12 |     7 ||    19
    Use: Scroll            |     6 |     2 ||     8
         Potion            |     2 |     2 ||     4
 Armour: Robe              |     4 |    19 ||    23
  Dodge: Dodged            |    11 |    16 ||    27
